 Dungeon Crawl Stone Soup version 0.30-a0-808-g6e0788376e (webtiles) character file.

Game seed: 13892406964138818904

104689 cforsyth the Unseen (level 16, -7/97 HPs)
             Began as a Kobold Brigand on Feb 26, 2023.
             Was the Champion of Hepliaklqana.
             Mangled by Asterion
             ... wielding a +3 demon blade of venom
              (12 damage)
             ... on level 1 of the Spider Nest.
             The game lasted 01:00:45 (33400 turns).

cforsyth the Unseen (Kobold Brigand)               Turns: 33400, Time: 01:00:46

Health: -7/97      AC: 11    Str:  6      XL:     16   Next: 93%
Magic:  16/16      EV: 26    Int: 12 (14) God:    Hepliaklqana [******]
Gold:   2989       SH:  9    Dex: 21 (22) Spells: 15/15 levels left

rFire   + . .      SeeInvis +    a - +9 long sword "Ihast" {flame, rN+ SInv}
rCold   + . .      Faith    .    W - +2 buckler {rF+}
rNeg    + + .      Spirit   .    L - +1 leather armour of Desetuaniu {rC+ Regen+}
rPois   +          Reflect  .    (no helmet)
rElec   +          Harm     .    h - +1 cloak of the Secret Xalams {Int+2 Stlth+}
rCorr   .          Rampage  .    y - +0 pair of gloves
Will    +....                    (no boots)
Stlth   +++++++++                E - amulet of regeneration
HPRegen 1.96/turn                l - +4 ring of protection
MPRegen 0.15/turn                Q - ring of Poschathaoko {rElec rPois rN+ Str-5 SInv}

@: lethally poisoned (-7 -> -8), slowed, unable to read, very slow
A: reduced essence, small, no large weapons, nightstalker 3, inability to read
after injury 1
a: Renounce Religion, Recall Ancestor, Ancestor Identity, Transference, Idealise


You were on level 1 of the Spider Nest.
You worshipped Hepliaklqana.
Hepliaklqana was exalted by your worship.
You visited 5 branches of the dungeon, and saw 24 of its levels.
You also visited: Sewer and Gauntlet.

You collected 3037 gold pieces.
You spent 48 gold pieces at shops.

Inventory:

Hand Weapons
 a - the +9 long sword "Ihast" (weapon) {flame, rN+ SInv}
   (You found it on level 13 of the Dungeon)

   rN:        It protects you from negative energy.
   SInv:      It lets you see invisible.
 N - a +4 dagger
Missiles
 d - 45 poisoned darts (quivered)
 e - 12 curare-tipped darts
Armour
 h - the +1 cloak of the Secret Xalams (worn) {Int+2 Stlth+}
   (You found it on level 15 of the Dungeon)

   Int:       It affects your intelligence (+2).
   Stlth:     It makes you more stealthy.
 n - the +0 helmet "Zoapo" {rElec rC++ Str+3 Dex-4}
   (You found it in a Gauntlet)

   Str:       It affects your strength (+3).
   Dex:       It affects your dexterity (-4).
   rC:        It greatly protects you from cold.
   rElec:     It insulates you from electricity.
 y - a +0 pair of gloves (worn)
 G - a +2 cloak of preservation
 L - the +1 leather armour of Desetuaniu (worn) {rC+ Regen+}
   (You found it on level 1 of the Lair of Beasts)

   rC:        It protects you from cold.
   Regen:     It increases your rate of health regeneration.
 V - a +0 cloak of willpower
 W - a +2 buckler of fire resistance (worn)
Jewellery
 f - an amulet of reflection
 l - a +4 ring of protection (left hand)
 p - a ring of positive energy
 v - a ring of flight
 w - a ring of poison resistance
 E - an amulet of regeneration (around neck)
 J - the ring "Laimpoug" {Will++ Str+6 Int+6 Dex-5}
   (You found it in a Gauntlet)

   [ring of strength]

   Str:       It affects your strength (+6).
   Int:       It affects your intelligence (+6).
   Dex:       It affects your dexterity (-5).
   Will:      It greatly increases your willpower.
 Q - the ring of Poschathaoko (right hand) {rElec rPois rN+ Str-5 SInv}
   (You took it off a kobold demonologist on level 10 of the Dungeon)

   [ring of poison resistance]

   Str:       It affects your strength (-5).
   rElec:     It insulates you from electricity.
   rPois:     It protects you from poison.
   rN:        It protects you from negative energy.
   SInv:      It lets you see invisible.
 X - a ring of resist corrosion
 Z - the ring of Juwibida {rCorr Stlth+}
   (You found it in a Gauntlet)

   [ring of resist corrosion]

   rCorr:     It protects you from acid and corrosion.
   Stlth:     It makes you more stealthy.
Wands
 s - a wand of digging (13)
 u - a wand of acid (9)
 z - a wand of flame (38)
 A - a wand of mindburst (2)
 S - a wand of paralysis (10)
 Y - a wand of polymorph (6)
Scrolls
 i - 3 scrolls of immolation
 q - 3 scrolls of butterflies
 C - 3 scrolls of blinking
 D - a scroll of torment
 F - a scroll of poison
 I - a scroll of amnesia
 O - 2 scrolls of enchant weapon
 P - a scroll of magic mapping
 U - a scroll of fog
Potions
 b - 3 potions of ambrosia
 g - 6 potions of curing
 j - 2 potions of invisibility
 k - 5 potions of mutation
 m - 6 potions of brilliance
 o - 5 potions of lignification
 r - 3 potions of might
 t - 5 potions of heal wounds
 x - 6 potions of attraction
 B - a potion of cancellation
 H - a potion of resistance
 K - a potion of haste {unknown}
 T - 6 potions of flight


   Skills:
 + Level 15.2 Fighting
 - Level 16.5(17.1) Short Blades
 + Level 4.4(8.3) Long Blades
 - Level 2.1 Throwing
 + Level 16.4 Dodging
 + Level 19.7 Stealth
 + Level 8.2 Shields


You had 15 spell levels left.
You didn't know any spells.
Your spell library contained the following spells:

 Spells                   Type           Power      Damage    Failure   Level
 Apportation              Tloc           0%         N/A       56%         1
 Blink                    Tloc           0%         N/A       71%         2
 Lesser Beckoning         Tloc           0%         N/A       71%         2
 Poisonous Vapours        Pois/Air       0%         N/A       71%         2
 Static Discharge         Conj/Air       0%         2-2/arc   71%         2
 Sublimation of Blood     Necr           0%         N/A       71%         2
 Inner Flame              Hex/Fire       0%         N/A       91%         3
 Kindle Blastsparks       Fire/Tloc/Air  0%         2d10      91%         3
 Ozocubu's Armour         Ice            0%         N/A       91%         3
 Stone Arrow              Conj/Erth      0%         3d7       91%         3
 Summon Guardian Golem    Hex/Summ       0%         N/A       91%         3
 Animate Armour           Summ/Erth      0%         N/A       100%        4
 Flame Wave               Conj/Fire      0%         2d4       100%        4
 Manifold Assault         Tloc           0%         N/A       100%        4
 Passage of Golubria      Tloc           0%         N/A       100%        4
 Petrify                  Tmut/Erth      0%         N/A       100%        4
 Sticky Flame             Conj/Fire      0%         2d3       100%        4
 Summon Lightning Spire   Summ/Air       0%         N/A       100%        4
 Alistair's Intoxication  Tmut/Pois      0%         N/A       100%        5
 Blade Hands              Tmut           0%         N/A       100%        5
 Freezing Cloud           Conj/Ice/Air   0%         6-21      100%        5
 Irradiate                Conj/Tmut      0%         3d11      100%        5
 Metabolic Englaciation   Hex/Ice        0%         N/A       100%        5
 Simulacrum               Ice/Necr       0%         N/A       100%        6
 Statue Form              Tmut/Erth      0%         N/A       100%        6
 Dragon Form              Tmut           0%         N/A       100%        7
 Ozocubu's Refrigeration  Ice            0%         4d7       100%        7
 Storm Form               Tmut/Air       0%         N/A       100%        7
 Borgnjor's Revivificati  Necr           0%         N/A       100%        8
 Lehudib's Crystal Spear  Conj/Erth      0%         10d2      100%        8
 Maxwell's Capacitive Co  Air            0%         ∞         100%        8
 Necromutation            Tmut/Necr      0%         N/A       100%        8
 Death's Door             Necr           0%         N/A       100%        9
 Polar Vortex             Ice            0%         N/A       100%        9


Dungeon Overview and Level Annotations

Branches:
Dungeon (15/15)            Temple (1/1) D:6            Lair (5/5) D:8
  Swamp (0/4) Lair:3       Spider (1/4) Lair:2        Slime (0/5) Lair:5
    Orc (2/2) D:10            Elf (0/3) Orc:2        Vaults (0/5) D:13
 Depths (0/4) D:15          Sewer (visited)         Gauntlet (visited)

Altars:
Ashenzari
Cheibriados
Dithmenos
Elyvilon
Fedhas
Gozag
Hepliaklqana
Kikubaaqudgha
Makhleb
Nemelex Xobeh
Okawaru
Qazlal
Ru
Sif Muna
Trog
Uskayaw
Vehumet
Wu Jian
Xom
Yredelemnul
Zin
The Shining One

Shops:
D:1 !   D:2 =   D:11 (   D:13 [   D:14 *   Orc:2 :(*(

Annotations:
D:3 Natasha
Spider:1 Asterion


Innate Abilities, Weirdness & Mutations

Your life essence is reduced to manifest your ancestor. (-10% HP)
You are small and have problems with some larger weapons.
You are completely attuned to the shadows.
You occasionally lose the ability to read scrolls when taking damage.


Message History

Asterion barely misses you. Asterion misses you.
Quintus hits the cacodemon with a +0 dagger of draining.
The cacodemon closely misses you. The cacodemon hits you!
* * * LOW HITPOINT WARNING * * *
Quintus barely misses the cacodemon.
Asterion closely misses you. x2
Quintus hits the cacodemon with a +0 dagger of draining.
You feel much better.
You feel less confused. You block Asterion's attack. Asterion misses you.
The cacodemon hits you! The cacodemon completely misses you.
Quintus hits the cacodemon with a +0 dagger of draining!
Quintus hits the cacodemon with a +0 dagger of draining.
The cacodemon gestures at Quintus.
The bolt of energy hits Quintus!!
Asterion hits you with a +3 demon blade of venom!!
* * * LOW HITPOINT WARNING * * *
Asterion completely misses you.
Quintus completely misses the cacodemon.
A sun moth comes into view.
You feel much better.
Asterion hits you with a +3 demon blade of venom!
* * * LOW HITPOINT WARNING * * *
You are poisoned.
Asterion gores you but does no damage.
Quintus hits the cacodemon with a +0 dagger of draining!
The cacodemon hits Quintus!!
The cacodemon hits Quintus.
Quintus points at the cacodemon and mumbles some strange words.
The cacodemon resists with almost no effort.
Asterion closely misses you. You block Asterion's attack.
You slash the cacodemon! You burn the cacodemon.
The cacodemon is severely wounded.
You feel very sick.
Asterion hits you with a +3 demon blade of venom!!
* * * LOW HITPOINT WARNING * * *
Asterion misses you. You block the cacodemon's attack.
The cacodemon completely misses you.
Quintus casts a spell at the cacodemon.
The cacodemon resists with almost no effort.
You block Asterion's attack. Asterion gores you!
You die...

#.# ...#####
#........####
.............##
.....##.......#
...$....(?.H@##
..........y2##
#....!....R##
..)...#....†#..#
.... .......^..#
...........†..##
.....s.......#####
########## ....
.........#.###
##..^.##..## ....
.............#
#..........#


You could see the friendly Quintus the hexer, Asterion (fast), a cacodemon
(summoned, distracted, ally target) and a sun moth.

Vanquished Creatures
  Jorgrun (D:13)
  The ghost of Polyhigu the Marksfrog, an adept BaHs of Hepliaklqana (D:15)
  A fire giant (D:15)
  2 statues (D:13)
  A minotaur (Gauntlet)
  A blizzard demon (Gauntlet)
  Josephine (Lair:4)
  A fire dragon (D:15)
  3 hydras
  Fannar (D:12)
  3 catoblepae
  Erica (D:8)
  An ice dragon (shapeshifter) (D:15)
  An ogre mage (D:13)
  3 centaur warriors
  A boulder beetle (D:12)
  An anaconda (shapeshifter) (Gauntlet)
  A dancing weapon (D:13)
  A death knight (D:14)
  3 two-headed ogres (D:10)
  2 tengu warriors
  7 death yaks
  An orc high priest (Orc:2)
  A skyshark (Lair:5)
  A fire crab (D:15)
  A skeletal warrior (D:14)
  A pharaoh ant (Spider:1)
  A shadow wraith (D:15)
  7 deep elf pyromancers
  An orc knight (D:14)
  3 wizards (D:13)
  A lindwurm (Lair:4)
  5 ugly things
  4 oklob plants (Lair:1)
  5 orc sorcerers
  2 cyclopes
  3 wolf spiders
  A moth of wrath (Spider:1)
  3 manticores
  6 elephants
  6 black mambas
  A demonic crawler (Lair:2)
  An orange demon (Lair:1)
  5 cane toads
  2 rime drakes (Lair:5)
  3 gargoyles
  A minotaur zombie (Gauntlet)
  An efreet (D:14)
  6 komodo dragons
  A kobold demonologist (D:10)
  6 tengu conjurers
  A freezing wraith (D:14)
  4 trolls
  3 polar bears
  8 blink frogs
  A hornet (D:8)
  2 tarantellas
  16 slime creatures
  A jumping spider (Spider:1)
  2 culicivoras (Spider:1)
  A spriggan (shapeshifter) (D:14)
  A shadow (D:10)
  A vampire (D:13)
  A ynoxinul (Gauntlet)
  A human (D:10)
  7 basilisks
  35 yaks
  2 wyverns
  3 redbacks (Spider:1)
  3 wraiths
  2 steam dragons (D:8)
  10 vampire mosquitoes
  2 wargs
  11 water moccasins
  19 orc warriors
  2 hexers (D:15)
  A hornet zombie (D:6)
  An ice beast (D:6)
  2 black bears
  5 boggarts (D:15)
  8 ogres
  13 centaurs
  9 wolves
  6 phantoms
  A kobold brigand (Sewer)
  6 necrophages
  10 bullfrogs
  A gnoll sergeant (D:12)
  A scorpion (D:7)
  2 wyvern zombies (D:6)
  16 wights
  8 killer bees
  6 howler monkeys
  2 bullfrog zombies (D:6)
  19 orc priests
  2 centaur zombies (D:6)
  5 jellies
  2 hounds (D:6)
  Crazy Yiuf (D:6)
  2 gnoll boudas (D:11)
  2 iron imps (Gauntlet)
  Jessica (D:2)
  4 iguanas
  Natasha (twice) (D:3)
  28 orc wizards
  4 hell rats
  A howler monkey zombie (D:6)
  14 gnolls
  8 river rats
  9 adders
  2 shadow imps
  2 white imps
  2 ufetubi (D:4)
  2 worms (D:2)
  2 dart slugs (D:1)
  74 orcs
  10 ball pythons
  6 endoplasms
  2 giant cockroaches
  9 goblins
  7 hobgoblins
  12 jackals
  5 quokkas
  3 training dummies (D:11)
  5 bats
  9 frilled lizards
  15 kobolds
  8 rats
634 creatures vanquished.

Vanquished Creatures (collateral kills)
  A ghost moth (Spider:1)
  An ice dragon (D:15)
  2 hydras
  An ogre mage (D:13)
  A catoblepas (Lair:5)
  2 boulder beetles
  A dancing weapon (D:13)
  6 death yaks
  Amaemon (Lair:1)
  An orb spider (Lair:2)
  A wizard (D:13)
  2 deep elf pyromancers
  A deep elf zephyrmancer (D:13)
  An orc knight (D:15)
  An orc sorcerer (Orc:2)
  A cyclops (D:15)
  A rust devil (Gauntlet)
  An elephant (Lair:2)
  A demonic crawler (Spider:1)
  3 cane toads
  2 unseen horrors
  A rime drake (Lair:1)
  Psyche (D:8)
  An efreet (D:15)
  2 komodo dragons
  A tarantella (Spider:1)
  5 blink frogs
  5 slime creatures
  A culicivora (Spider:1)
  A jumping spider (Spider:1)
  A wyvern (Lair:4)
  5 yaks
  2 basilisks
  A wraith (Lair:4)
  3 vampire mosquitoes
  2 water moccasins (Lair:2)
  An ice beast (D:8)
  5 orc warriors
  2 wolves (Lair:3)
  A centaur (D:9)
  3 bullfrogs
  A kobold brigand (D:9)
  A wight (D:8)
  11 orc priests
  A gnoll bouda (D:9)
  An iron imp (Gauntlet)
  7 orc wizards
  6 gnolls
  3 river rats (Lair:1)
  17 orcs
  2 kobolds (D:9)
  A rat (Lair:1)
127 creatures vanquished.

Vanquished Creatures (others)
  A deep elf pyromancer (D:13)
  2 wizards (D:13)
  13 hexers
  An ancestor (D:8)
  23 fungi
  52 plants
  2 withered plants
94 creatures vanquished.

Grand Total: 855 creatures vanquished

Notes
Turn   | Place    | Note
-------+----------+-------------------------------------------
     0 | D:1      | cforsyth the Kobold Brigand began the quest for the Orb.
     0 | D:1      | Reached XP level 1. HP: 12/12 MP: 1/1
    70 | D:1      | Reached XP level 2. HP: 18/18 MP: 2/2
   259 | D:1      | Reached XP level 3. HP: 22/22 MP: 3/3
   481 | D:1      | Found Sotott's Distillery.
  1104 | D:2      | Found Roc Yzu's Jewellery Shoppe.
  1260 | D:2      | Noticed Jessica
  1268 | D:2      | Killed Jessica
  1269 | D:2      | Reached skill level 6 in Stealth
  1269 | D:2      | Reached XP level 4. HP: 28/28 MP: 4/4
  1494 | D:2      | Found a faded altar of an unknown god.
  1788 | D:3      | Noticed Natasha
  1792 | D:3      | Killed Natasha
  1793 | D:3      | Reached XP level 5. HP: 32/32 MP: 5/5
  2136 | D:3      | Noticed Natasha
  2146 | D:3      | Killed Natasha
  2187 | D:3      | Noticed Natasha
  2339 | D:3      | Reached XP level 6. HP: 18/38 MP: 6/6
  3515 | D:4      | Reached skill level 5 in Short Blades
  3515 | D:4      | Reached skill level 7 in Stealth
  3515 | D:4      | Reached XP level 7. HP: 36/43 MP: 7/7
  4142 | D:5      | Entered Level 5 of the Dungeon
  4907 | D:5      | Noticed a water moccasin
  4909 | D:5      | Killed a water moccasin
  4910 | D:5      | Reached skill level 5 in Fighting
  4910 | D:5      | Reached skill level 5 in Dodging
  4910 | D:5      | Reached skill level 8 in Stealth
  4910 | D:5      | Reached XP level 8. HP: 49/49 MP: 8/8
  5165 | D:6      | Reached skill level 9 in Stealth
  5193 | D:6      | Found a glowing drain.
  5270 | Sewer    | Entered a sewer
  5531 | Sewer    | Reached XP level 9. HP: 47/55 MP: 9/9
  6317 | D:6      | Reached skill level 10 in Stealth
  6811 | D:6      | Found a staircase to the Ecumenical Temple.
  6823 | Temple   | Entered the Ecumenical Temple
  6826 | Temple   | Found a transporter.
  6826 | Temple   | Found a transporter.
  6828 | Temple   | Found a transporter.
  6828 | Temple   | Found a transporter.
  6918 | Temple   | Became a worshipper of Hepliaklqana the Forgotten
  7357 | D:6      | Found a runed translucent door.
  7360 | D:6      | Noticed Crazy Yiuf
  7372 | D:6      | Killed Crazy Yiuf
  7873 | D:7      | Reached XP level 10. HP: 63/63 MP: 10/10
  8177 | D:7      | Reached skill level 11 in Stealth
  8300 | D:7      | Reached * piety under Hepliaklqana
  8507 | D:8      | Paralysed by a hornet for 2 turns
  9229 | D:8      | You fall into a shaft and drop 3 floors!
  9239 | D:10     | Entered Level 10 of the Dungeon
  9256 | D:10     | Noticed a gargoyle
  9260 | D:10     | Killed a gargoyle
  9382 | D:10     | Noticed a two-headed ogre
  9393 | D:10     | Killed a two-headed ogre
  9394 | D:10     | Reached skill level 10 in Short Blades
  9454 | D:10     | Noticed a two-headed ogre
  9464 | D:10     | Killed a two-headed ogre
  9465 | D:10     | Reached skill level 12 in Stealth
 10258 | D:10     | Reached XP level 11. HP: 57/62 MP: 11/11
 10303 | D:10     | Found a sparkling altar of Nemelex Xobeh.
 10303 | D:10     | Found a snail-covered altar of Cheibriados.
 10322 | D:10     | Identified the ring of Poschathaoko {rElec rPois rN+ Str-5
                  | SInv}
 10388 | D:10     | Noticed a two-headed ogre
 10407 | D:10     | Found a staircase to the Orcish Mines.
 10696 | D:9      | Reached skill level 10 in Dodging
 11225 | D:8      | Noticed Psyche
 11234 | D:8      | Killed Psyche
 11235 | D:8      | Reached skill level 13 in Stealth
 11663 | D:8      | Noticed Erica
 11665 | D:8      | Killed Erica
 12027 | D:8      | Reached skill level 10 in Fighting
 12089 | D:8      | Found a staircase to the Lair.
 12283 | D:9      | Found a blossoming altar of Fedhas.
 12991 | D:10     | Killed a two-headed ogre
 12992 | D:10     | Reached XP level 12. HP: 59/70 MP: 12/12
 13446 | D:11     | Identified the +0 ring mail of Pride {rElec rPois Str+4
                  | Int+2}
 13448 | D:11     | Found Ypas's Firing Range.
 13458 | D:11     | Reached skill level 14 in Stealth
 13583 | D:11     | HP: 2/70 [gargoyle/+0 mace (17)]
 14120 | D:11     | Reached ** piety under Hepliaklqana
 14264 | D:11     | Remembered your ancestor Quintus as a hexer
 14590 | D:11     | Noticed a centaur warrior
 14604 | D:11     | Killed a centaur warrior
 15051 | D:12     | Noticed a boulder beetle
 15315 | D:11     | Killed a boulder beetle
 15542 | D:12     | Noticed Fannar
 15839 | D:12     | Killed Fannar
 15904 | D:12     | Reached skill level 15 in Stealth
 15909 | D:12     | Reached skill level 1 in Shields
 16235 | D:12     | Noticed a boulder beetle
 16416 | D:12     | Reached XP level 13. HP: 70/75 MP: 13/13
 16979 | D:12     | Found a shimmering altar of Xom.
 17316 | Lair:1   | Entered Level 1 of the Lair of Beasts
 17326 | Lair:1   | Found a gate leading to a gauntlet.
 17329 | Lair:1   | Noticed Amaemon
 17338 | Gauntlet | Entered a Gauntlet
 17338 | Gauntlet | Found a transporter.
 17364 | Gauntlet | a tarantella changed into an entropy weaver
 17364 | Gauntlet | Noticed an entropy weaver (shapeshifter)
 17385 | Gauntlet | Found a transporter.
 17393 | Gauntlet | Found a transporter.
 17399 | Gauntlet | Found a transporter.
 17421 | Gauntlet | Found a transporter.
 17426 | Gauntlet | Noticed a quicksilver ooze
 17433 | Gauntlet | Found a transporter.
 17446 | Gauntlet | Noticed an entropy weaver
 17453 | Gauntlet | Noticed an entropy weaver
 17460 | Gauntlet | Found a transporter.
 17487 | Gauntlet | Found a transporter.
 17499 | Gauntlet | Found a transporter.
 17511 | Gauntlet | Found a transporter.
 17513 | Gauntlet | Noticed a blizzard demon
 17534 | Gauntlet | Found a transporter.
 17546 | Gauntlet | Found a transporter.
 17555 | Gauntlet | Found a transporter.
 17577 | Gauntlet | Reached *** piety under Hepliaklqana
 17672 | Gauntlet | Found a transporter.
 17848 | Gauntlet | a torpor snail changed into an anaconda
 17848 | Gauntlet | Noticed an anaconda (shapeshifter)
 17850 | Gauntlet | Found a transporter.
 17854 | Gauntlet | Found a transporter.
 17854 | Gauntlet | Identified the ring "Laimpoug" {Will++ Str+6 Int+6 Dex-5}
 17875 | Gauntlet | Killed an anaconda
 17969 | Gauntlet | Found a transporter.
 17985 | Gauntlet | Found a transporter.
 18043 | Gauntlet | Identified the ring of Juwibida {rCorr Stlth+}
 18087 | Gauntlet | Killed a blizzard demon
 18352 | Gauntlet | Identified the +0 helmet "Zoapo" {rElec rC++ Str+3 Dex-4}
 18359 | Gauntlet | Identified the amulet of Qimuarche {Faith Harm rC- SInv}
 18377 | Gauntlet | Identified the +0 plate armour "Wotho" {Int+3 Dex+4}
 18377 | Gauntlet | Noticed a minotaur
 18383 | Gauntlet | Killed a minotaur
 18470 | Lair:1   | Killed Amaemon
 19270 | Lair:1   | Reached skill level 16 in Stealth
 19673 | Lair:1   | Identified the +1 leather armour of Desetuaniu {rC+ Regen+}
 19946 | Lair:1   | Reached **** piety under Hepliaklqana
 20092 | Lair:2   | Found a hole to the Spider Nest.
 20165 | Lair:2   | Noticed an eight-headed hydra
 20471 | Lair:2   | Killed an eight-headed hydra
 20775 | Lair:2   | Reached XP level 14. HP: 82/82 MP: 14/14
 21743 | Lair:3   | Found a staircase to the Swamp.
 22179 | Lair:3   | Reached skill level 15 in Short Blades
 22469 | Lair:3   | Reached skill level 17 in Stealth
 22469 | Lair:3   | Reached skill level 5 in Shields
 22900 | Lair:4   | Reached ***** piety under Hepliaklqana
 22938 | Lair:4   | Noticed Josephine
 22957 | Lair:4   | Killed Josephine
 24041 | Lair:5   | Entered Level 5 of the Lair of Beasts
 24676 | Lair:5   | Reached XP level 15. HP: 82/89 MP: 15/15
 24917 | Lair:5   | Found a staircase to the Slime Pits.
 25400 | Lair:5   | Reached skill level 18 in Stealth
 25986 | Orc:1    | Entered Level 1 of the Orcish Mines
 26162 | Orc:2    | Entered Level 2 of the Orcish Mines
 27017 | Orc:2    | Reached skill level 15 in Dodging
 27263 | Orc:2    | Found Igibb's Weapon Boutique.
 27264 | Orc:2    | Found Dimic's Weapon Shop.
 27266 | Orc:2    | Found Plog's Assorted Antiques.
 27273 | Orc:2    | Found Uris's Book Boutique.
 27586 | Orc:2    | Found a staircase to the Elven Halls.
 27936 | D:13     | Found a gate to the Vaults.
 27992 | D:13     | Found Veduh's Armour Shop.
 28235 | D:13     | Reached skill level 1 in Long Blades
 28465 | D:13     | Noticed Jorgrun
 28466 | D:13     | Found a radiant altar of Vehumet.
 28475 | D:13     | Killed Jorgrun
 28638 | D:13     | Reached XP level 16. HP: 96/96 MP: 16/16
 28867 | D:13     | Identified the +9 long sword "Ihast" {flame, rN+ SInv}
 29136 | D:14     | Found Aniwuvef's General Store.
 29141 | D:14     | Bought a scroll of teleportation for 48 gold pieces
 29233 | D:14     | HP: 4/96 [death knight/+0 battleaxe (17)]
 29447 | D:14     | Reached skill level 19 in Stealth
 29623 | D:14     | Reached ****** piety under Hepliaklqana
 30054 | D:15     | Entered Level 15 of the Dungeon
 30130 | D:15     | Found a staircase to the Depths.
 30209 | D:15     | Noticed a fire giant
 30214 | D:15     | a five-headed hydra changed into a sphinx
 30214 | D:15     | Noticed a sphinx (glowing shapeshifter)
 30215 | D:15     | a sphinx changed into a fire giant
 30215 | D:15     | Noticed a fire giant (glowing shapeshifter)
 30226 | D:15     | a fire giant changed into a stone giant
 30561 | D:15     | Killed a fire giant
 30625 | D:15     | Got the Encyclopedia of the Lost Wishes
 30627 | D:15     | Got the Octavo of Displaced Glamour
 30678 | D:15     | Found a runed translucent gate.
 30679 | D:15     | Found a runed translucent gate.
 30680 | D:15     | Found a runed translucent gate.
 30680 | D:15     | Noticed Polyhigu's ghost (adept BaHs)
 30946 | D:15     | Reached skill level 15 in Fighting
 32024 | D:15     | Identified a scroll of acquirement
 32029 | D:15     | Acquired a +1 quick blade of venom
 32039 | D:15     | Identified the +1 cloak of the Secret Xalams {Int+2 Stlth+}
 32147 | D:15     | Killed Polyhigu's ghost
 32435 | Spider:1 | Entered Level 1 of the Spider Nest
 33340 | Spider:1 | Noticed Asterion
 33360 | Spider:1 | Gained mutation: You occasionally lose the ability to read
                  | scrolls when taking damage. [a cacodemon]
 33363 | Spider:1 | Gained mutation: You are vulnerable to heat. (rF-) [a
                  | cacodemon]
 33368 | Spider:1 | Lost mutation: You are vulnerable to heat. (rF-) [a
                  | cacodemon]
 33400 | Spider:1 | Mangled by Asterion

Illustrated notes

Levels and vault maps discovered:
D:1:      minmay_arrival_semitransparent, layout_loops_ring, serial_shops,
          nicolae_shop_trees, grunt_decor_clamped
D:2:      layout_basic, ebering_ecumenical_altar_hall, serial_shops,
          nicolae_shop_hallway_stairs, uniq_jessica
D:3:      layout_basic, uniq_natasha
D:4:      layout_loops_cross
D:5:      layout_loops_cross, minmay_misc_feat_roman
D:6:      layout_cave_pods, minmay_temple_entry_stoned_glass, serial_undead,
          serial_undead_a, serial_undead_c, serial_undead_a, serial_undead_e,
          portal_sewer_entry_b, uniq_crazy_yiuf_cottage
D:7:      layout_loops_ring, grunt_ministairs_14, mrwooster_statue_mirror
D:8:      layout_basic, erik_lair_dragon, uniq_erica, uniq_psyche
D:9:      layout_roguey, fedhas_altar_4
D:10:     layout_big_octagon, gammafunk_temple_overflow_elements, erik_orc_4
D:11:     kennysheep_seaside_town, layout_gridville, chequers_mini_garden,
          nicolae_shop_firing_range
D:12:     layout_basic, grunt_ministairs_8, tgw_xom, uniq_fannar
D:13:     evilmike_halls_of_destruction, layout_basic, erik_vaults_1,
          serial_shops, shop, kb_tengu_band
D:14:     layout_roguey, serial_shops, shop_statue, serial_park_tiny_pond
D:15:     grunt_enter_depths_hoard, layout_stronghold, nrook_campfire,
          gammafunk_ghost_tricky_traps, minmay_checkered_concentric_circles,
          uniq_jorgrun
Temple:   hellmonk_temple_divided_pantheon
Lair:1:   minmay_lair_oklob_tunnel, layout_regular_city, gauntlet_entry_generic,
          kennysheep_abandoned_house, uniq_amaemon
Lair:2:   layout_long_grid, nicolae_spider_entry_orb_guardian, nzn_random_ring,
          lemuel_fruit_tree, grunt_megastairs_5
Lair:3:   layout_chaotic_city, swamp_mist, grunt_megastairs_2
Lair:4:   layout_cave_pods, infiniplex_staircase_pool, grunt_megastairs_4,
          uniq_josephine
Lair:5:   evilmike_catoblepas_cave, layout_gridlike, minmay_slime_entry_pillars,
          patterned_corridor
Spider:1: layout_spider_delve, uniq_azrael, uniq_asterion
Orc:1:    layout_caves, basic_altar, mines2_david
Orc:2:    st_orc_mages, layout_caves

Skill      XL: |  1  2  3  4  5  6  7  8  9 10 11 12 13 14 15 16 |
---------------+-------------------------------------------------+-----
Short Blades   | 3 4 5 6 7 8 10 12 13 14 15 16 | 16.5
Dodging        | 2 3 4 5 6 7 9 11 12 13 14 15 16 | 16.4
Fighting       | 3 4 5 6 7 8 10 11 12 13 14 15 | 15.2
Stealth        | 6 7 8 9 10 12 13 15 16 17 18 19 | 19.7
Shields        | 1 4 5 7 8 |  8.2
Long Blades    | 2 4 |  4.4
Throwing       | |  2.1

Action                     |  1- 3 |  4- 6 |  7- 9 | 10-12 | 13-15 | 16-18 || total
---------------------------+-------+-------+-------+-------+-------+-------++-------
  Melee: Dagger            |    68 |   253 |   552 |  1061 |  1428 |       ||  3362
         Punch             |       |     4 |     8 |    14 |       |       ||    26
         Long sword        |       |       |       |       |    97 |   392 ||   489
 Invoke: Recall Ancestor   |       |       |       |     1 |     3 |     1 ||     5
         Ancestor Life: He |       |       |       |     1 |       |       ||     1
  Evoke: Wand              |       |       |     2 |     2 |       |       ||     4
    Use: Scroll            |       |    11 |     1 |     5 |    17 |     5 ||    39
         Potion            |       |       |     3 |     7 |     5 |     8 ||    23
   Stab: Sleeping          |    17 |    13 |    33 |    38 |    46 |     9 ||   156
         Distracted        |       |     3 |     1 |    11 |    38 |     9 ||    62
         Invisible         |       |       |     6 |    10 |     4 |       ||    20
         Confused          |       |       |       |     8 |    44 |    19 ||    71
         Paralysed         |       |       |       |       |    37 |    17 ||    54
 Armour: Robe              |     5 |    58 |    83 |   138 |    15 |       ||   299
         Skin              |       |       |       |    13 |       |       ||    13
         Leather armour    |       |       |       |       |   108 |    75 ||   183
  Dodge: Dodged            |    26 |   137 |   245 |   583 |   644 |   466 ||  2101
  Block: Other             |     2 |    43 |    88 |   131 |       |       ||   264
         Reflection        |       |       |     1 |     5 |     7 |     4 ||    17
         Buckler           |       |       |       |    58 |   684 |   353 ||  1095

Table legend: (Time is in decaauts)
 A = Elapsed time spent in this place.
 B = Non-inter-level travel time spent in this place.
 C = Inter-level travel time spent in this place.
 D = Time resting spent in this place.
 E = Time spent auto-exploring this place.
 F = Levels seen in this place.
 G = Mean time per level.
                   A        B        C        D        E       F      G
               +--------+--------+--------+--------+--------+-----+--------+
         Total |  32308 |  30693 |   1615 |   5820 |  18762 |  26 | 1242.6 |
       Dungeon |  20757 |  19483 |   1274 |   3448 |  12308 |  15 | 1383.8 |
        Temple |    111 |     67 |     44 |      0 |     32 |   1 |  111.0 |
          Lair |   7568 |   7347 |    221 |   1838 |   4303 |   5 | 1513.6 |
   Spider Nest |    364 |    336 |     28 |      9 |    139 |   1 |  364.0 |
  Orcish Mines |   1559 |   1514 |     45 |    145 |    997 |   2 |  779.5 |
         Sewer |    868 |    868 |      0 |      0 |    611 |   1 |  868.0 |
      Gauntlet |   1079 |   1079 |      0 |    379 |    371 |   1 | 1079.0 |
               +--------+--------+--------+--------+--------+-----+--------+

Top non-repeatable levels by time:
    D:11: 2534 daAuts
  Lair:2: 2064 daAuts
    D:15: 1981 daAuts
  Lair:1: 1808 daAuts
     D:7: 1595 daAuts
     D:6: 1573 daAuts
     D:9: 1517 daAuts
  Lair:5: 1416 daAuts
    D:12: 1400 daAuts
    D:13: 1399 daAuts
    D:10: 1390 daAuts
     D:3: 1372 daAuts
  Lair:3: 1331 daAuts
     D:8: 1304 daAuts
    D:14: 1192 daAuts
